Map: Ghost River LE

Players

TheKazootie - Winner!

  • Race: Terran Terran
  • League: Master
  • Spawn Location: 1:00

HughJaynus

  • Race: Terran Terran
  • League: Master
  • Spawn Location: 11:00

VOD

Have the link to the VOD?

Description

Time

  • Played on: Nov. 4, 2024, 3:43 p.m.
  • Length: 15:41
Show
View Real Time Build Order
Export as new Build Order

TheKazootie Terran - Winner!

Build Orders:  

Get SALT Encoding   

  12  0:00  SCV  
  13  0:12  SCV  
  14  0:17  Supply Depot  
  14  0:24  SCV  
  15  0:38  SCV  
  15  0:39  Barracks  
  15  0:42  Refinery  
  16  0:50  SCV  
  16  0:53  Refinery  
  17  1:02  SCV  
  18  1:14  SCV  
  19  1:25  Reaper  
  19  1:27  Orbital Command  
  19  1:32  Supply Depot  
  20  1:41  Factory  
  20  1:54  SCV  
  21  1:58  Reaper  
  22  2:06  SCV  
  23  2:17  Command Center  
  23  2:19  SCV  
  24  2:25  Hellion  
  26  2:36  Starport  
  26  2:39  Supply Depot  
  26  2:42  SCV  
  26  2:43  Barracks Reactor  
  27  2:52  Factory Tech Lab  
  27  2:54  SCV  
  28  3:06  SCV  
  28  3:12  Siege Tank  
  32  3:19  Marine x2  
  33  3:23  Medivac  
  33  3:25  SCV  
  37  3:30  Orbital Command  
  37  3:37  Marine x2, SCV  
  40  3:44  Cyclone  
  42  3:51  SCV  
  43  4:00  SCV  
  44  4:03  SCV  
  44  4:04  Refinery  
  44  4:05  Supply Depot  
  44  4:20  SCV  
  44  4:23  Viking x2, Siege Tank  
  50  4:33  SCV  
  50  4:34  SCV  
  50  4:46  SCV  
  47  4:53  Viking  
  46  5:03  SCV  
  46  5:06  Viking  
  48  5:12  SCV  
  49  5:16  SCV  
  47  5:37  SCV  
  47  5:39  SCV  
  47  5:42  Viking x2  
  51  5:45  Command Center  
  51  5:49  SCV  
  54  5:51  SCV  
  54  5:54  Supply Depot  
  55  5:59  Siege Tank  
  55  6:01  SCV  
  55  6:03  SCV  
  60  6:08  Starport  
  60  6:13  SCV  
  60  6:17  Supply Depot  
  61  6:19  SCV  
  61  6:34  SCV  
  61  6:37  Siege Tank  
  67  6:41  Liberator  
  67  6:45  SCV  
  67  6:46  Supply Depot, SCV  
  70  6:50  Refinery, Barracks Tech Lab  
  70  6:57  SCV  
  70  6:58  SCV  
  70  7:00  Liberator  
  75  7:08  Supply Depot  
  75  7:09  Orbital Command, SCV  
  75  7:10  SCV  
  77  7:17  Factory  
  77  7:21  SCV  
  77  7:22  SCV  
  79  7:29  Orbital Command  
  79  7:31  Viking x2  
  79  7:33  SCV  
  79  7:34  SCV  
  85  7:45  Siege Tank, SCV  
  85  7:47  SCV  
  85  7:48  Viking, Refinery  
  93  7:51  Refinery  
  93  7:55  SCV  
  93  7:58  SCV  
  94  7:59  SCV  
  94  8:01  Siege Tank  
  98  8:07  SCV  
  98  8:10  SCV  
  87  8:29  Siege Tank  
  87  8:30  Viking x2  
  86  8:49  Siege Tank  
  83  9:09  SCV, Liberator  
  87  9:11  Siege Tank  
  87  9:12  Starport  
  87  9:13  Starport  
  74  9:25  SCV  
  74  9:29  SCV  
  73  9:32  SCV  
  73  9:34  Siege Tank  
  73  9:37  Fusion Core  
  73  9:38  SCV  
  78  9:43  SCV, Command Center  
  78  9:44  Engineering Bay, SCV  
  80  9:49  Supply Depot  
  80  9:50  Starport Tech Lab x2, SCV  
  81  9:55  SCV  
  81  9:57  Viking x2  
  81  9:59  Starport Tech Lab  
  86  10:00  SCV  
  86  10:02  SCV  
  88  10:08  SCV  
  88  10:11  Armory  
  88  10:13  SCV  
  90  10:16  Missile Turret  
  90  10:17  SCV  
  90  10:18  Missile Turret  
  90  10:19  Missile Turret  
  90  10:20  Missile Turret  
  91  10:39  Battlecruiser  
  91  10:40  Battlecruiser  
  91  10:41  Weapon Refit  
  103  10:48  Armory  
  103  10:49  Missile Turret  
  103  10:50  Missile Turret  
  103  10:55  SCV  
  103  10:56  SCV  
  103  10:57  Missile Turret  
  105  10:58  Missile Turret  
  105  10:59  Missile Turret  
  105  11:02  Sensor Tower  
  105  11:03  Hellbat  
  107  11:06  Missile Turret  
  107  11:07  Missile Turret  
  107  11:09  Sensor Tower, Missile Turret  
  107  11:17  Battlecruiser  
  107  11:18  SCV  
  114  11:23  Refinery x2, Terran Ship Weapons Level 1  
  114  11:29  Planetary Fortress  
  114  11:37  SCV x3  
  117  11:41  Viking  
  117  11:44  Viking, Sensor Tower  
  121  11:49  SCV  
  121  11:50  Terran Vehicle And Ship Armor Level 1  
  121  11:51  SCV  
  121  11:53  SCV  
  124  11:59  Siege Tank  
  124  12:01  SCV  
  128  12:02  Siege Tank  
  128  12:03  SCV  
  128  12:07  Command Center  
  132  12:11  Supply Depot x2  
  132  12:14  Supply Depot  
  132  12:21  Supply Depot  
  132  12:22  Supply Depot  
  132  12:27  Battlecruiser, SCV x2  
  140  12:30  Supply Depot  
  140  12:33  Siege Tank, SCV x2  
  140  12:34  Siege Tank  
  148  12:39  SCV x2  
  148  12:42  Battlecruiser  
  156  12:45  SCV  
  156  12:48  Supply Depot, Command Center  
  157  13:05  Hellion  
  129  13:28  Viking, SCV x3  
  129  13:29  Battlecruiser  
  140  13:38  Battlecruiser  
  140  13:40  SCV  
  141  14:08  Viking x2, Battlecruiser  
  151  14:23  Siege Tank  
  142  14:33  Battlecruiser  
  142  14:37  SCV  
  142  14:38  Viking x2, Siege Tank  
  144  14:40  SCV  
  144  14:45  SCV  
  146  14:47  SCV  
  146  14:49  SCV  
  146  14:52  SCV  
  149  14:53  Refinery  
  149  14:54  Command Center  
  149  14:56  Refinery, Command Center  
  149  14:57  Factory x2, SCV  
  149  14:59  SCV  
  151  15:01  SCV  
  151  15:03  Supply Depot x2  
  151  15:04  SCV  
  151  15:05  Command Center  
  153  15:08  Supply Depot  
  153  15:09  SCV  
  153  15:10  Supply Depot  
Show
View Real Time Build Order
Export as new Build Order

HughJaynus Terran 

Build Orders: Cyclone Opening 

Get SALT Encoding   

  12  0:00  SCV  
  13  0:12  SCV  
  14  0:17  Supply Depot  
  14  0:24  SCV  
  15  0:39  SCV  
  15  0:41  Barracks  
  16  0:44  Refinery  
  16  0:51  SCV  
  16  0:53  Refinery  
  17  1:03  SCV  
  18  1:15  SCV  
  19  1:27  Reaper  
  19  1:28  Orbital Command  
  19  1:31  Supply Depot  
  20  1:42  Factory  
  20  1:54  SCV  
  21  1:59  Reaper  
  22  2:06  SCV  
  23  2:18  SCV  
  24  2:24  Command Center  
  24  2:29  Cyclone  
  26  2:31  SCV  
  27  2:41  Starport  
  27  2:45  SCV  
  27  2:49  Supply Depot  
  28  2:51  Barracks Reactor  
  28  2:57  SCV  
  29  3:04  Cyclone  
  31  3:09  Refinery  
  31  3:11  SCV  
  32  3:17  Medivac  
  34  3:23  SCV  
  35  3:27  Marine x2  
  37  3:35  SCV  
  37  3:37  Orbital Command  
  37  3:38  Factory Tech Lab  
  38  3:45  Marine x2  
  38  3:47  SCV  
  41  3:49  Starport Tech Lab  
  41  3:58  Siege Tank  
  41  3:59  SCV  
  41  4:01  Supply Depot  
  45  4:04  SCV  
  45  4:09  Raven  
  48  4:12  SCV  
  48  4:16  SCV  
  50  4:23  Marine x2  
  50  4:24  SCV  
  53  4:32  Siege Tank  
  53  4:36  SCV  
  56  4:40  Marine  
  55  4:48  SCV  
  55  4:50  Marine  
  54  5:09  Command Center  
  54  5:20  Command Center  
  48  5:39  SCV  
  48  5:42  Supply Depot x2  
  53  5:50  Siege Tank  
  53  5:51  SCV  
  53  6:01  Barracks  
  53  6:03  SCV  
  53  6:04  Barracks  
  54  6:08  Marine  
  54  6:09  Stimpack  
  55  6:12  Viking  
  55  6:14  Viking  
  55  6:18  SCV  
  60  6:29  Marine  
  60  6:31  SCV  
  62  6:33  Orbital Command  
  62  6:43  SCV  
  62  6:46  Viking  
  65  6:47  Marine  
  65  6:52  Barracks Reactor x2  
  66  6:56  SCV  
  66  6:57  Orbital Command  
  67  7:03  Orbital Command  
  68  7:08  SCV  
  68  7:13  Engineering Bay  
  68  7:15  Marine, Engineering Bay  
  68  7:17  Siege Tank  
  68  7:20  SCV  
  73  7:25  SCV  
  73  7:29  Refinery  
  74  7:31  Supply Depot, SCV  
  74  7:32  SCV  
  74  7:33  Marine  
  74  7:36  Viking  
  79  7:37  SCV  
  79  7:40  Viking  
  79  7:43  SCV  
  83  7:44  SCV  
  83  7:46  Marine  
  83  7:47  Marine  
  83  7:49  SCV, Combat Shield  
  87  7:52  Terran Infantry Armor Level 1  
  87  7:55  Terran Infantry Weapons Level 1, SCV  
  87  7:58  SCV  
  89  8:02  SCV  
  90  8:08  SCV  
  90  8:10  SCV  
  89  8:13  Orbital Command  
  89  8:16  Marine x2  
  68  8:27  Marine  
  68  8:28  Marine x2, Orbital Command  
  68  8:29  Siege Tank  
  74  8:34  Marine x2  
  74  8:45  Marine x2  
  74  8:46  Viking x2, Marine  
  78  8:52  Marine x2  
  78  8:53  Barracks  
  79  8:55  Barracks  
  79  9:03  Marine  
  79  9:04  Marine x2, Orbital Command  
  79  9:08  Siege Tank  
  85  9:10  Marine  
  85  9:11  SCV x2  
  85  9:15  Armory  
  88  9:17  Supply Depot, Marine  
  88  9:18  Supply Depot  
  88  9:21  Marine  
  88  9:22  Marine  
  85  9:25  Marine  
  85  9:26  Viking  
  85  9:27  Marine  
  89  9:33  SCV  
  89  9:35  Marine  
  91  9:39  Concussive Shells  
  91  9:41  Barracks Reactor  
  91  9:42  Barracks Reactor  
  91  9:45  SCV x3  
  94  9:47  Sensor Tower  
  94  9:49  Marine x3  
  97  9:58  Medivac x2  
  97  9:59  Marine  
  101  10:00  Marine  
  101  10:03  Terran Infantry Armor Level 2  
  101  10:04  Terran Infantry Weapons Level 2  
  103  10:07  Marine x2  
  103  10:08  Marine  
  106  10:17  Marine x2  
  106  10:18  Sensor Tower  
  108  10:23  Command Center  
  108  10:24  Marine  
  109  10:29  Supply Depot  
  109  10:31  Supply Depot  
  109  10:32  Siege Tank, Medivac x2  
  109  10:34  SCV  
  117  10:40  Refinery x2  
  117  10:47  Missile Turret  
  117  10:51  Marine x6, SCV x2  
  117  10:52  Marine  
  117  10:53  Marine, Missile Turret  
  117  10:55  Marine  
  128  10:58  Terran Vehicle Weapons Level 1  
  128  11:04  Siege Tank  
  128  11:06  SCV  
  128  11:07  SCV, Missile Turret  
  133  11:12  Supply Depot  
  133  11:18  Missile Turret  
  133  11:31  Supply Depot  
  133  11:33  Marine x7, Medivac x2  
  133  11:34  SCV  
  133  11:38  Supply Depot x3  
  145  11:47  Factory, Sensor Tower  
  145  11:52  Starport  
  145  11:56  Siege Tank  
  145  11:59  Marine x4  
  145  12:00  Marine  
  153  12:04  Planetary Fortress  
  153  12:25  Terran Infantry Armor Level 3, Terran Infantry Weapons Level 3  
  153  12:26  Marine  
  153  12:27  Marine x8  
  162  12:37  Factory Tech Lab  
  162  12:44  Marine x2  
  162  12:49  Viking x2  
  162  12:50  Starport Reactor  
  128  13:13  Thor  
  128  13:14  Thor  
  128  13:19  Viking x2  
  126  13:24  Terran Ship Weapons Level 1  
  120  13:27  Missile Turret  
  120  13:28  Missile Turret  
  120  13:29  Missile Turret  
  120  13:30  Missile Turret  
  120  13:34  Viking x2  
  124  13:45  Marine x5  
  121  13:49  Viking x2  
  121  13:51  Marine  
  114  13:56  Marine x2, Thor  
  114  13:57  Marine  
  114  14:02  SCV x3  
  117  14:03  Marine x5, SCV  
  117  14:04  Viking  
  117  14:09  Marine  
  111  14:14  SCV x3  
  111  14:15  SCV  
  93  14:26  SCV x3  
  93  14:27  SCV  
  87  14:38  SCV x3  
  87  14:39  SCV  
  90  14:46  Medivac x2  
  90  14:49  Medivac  
  90  14:50  SCV, Medivac  
  99  14:54  SCV x3  
  102  15:02  SCV  
  102  15:06  SCV x3  
  106  15:07  Missile Turret  
  106  15:12  Missile Turret  
  106  15:14  SCV  
  106  15:18  SCV  
  80  15:30  Missile Turret  
  80  15:32  Sensor Tower  
Tags
 
Add a new tag
Caveats
  • Supply blocks, unpowered buildings, or Contaminate may cause inaccurate times.
  • Supply counts are checked every 10 seconds.